 Dungeon Crawl Stone Soup version 0.28-a0-1159-g27aa881441 (webtiles) character file.

Game seed: 4720766500474120139

18 patchburns1 the Grave Robber (level 2, -2/22 HPs)
             Began as a Ghoul Necromancer on Dec 15, 2021.
             Slain by an adder (4 damage)
             ... on level 2 of the Dungeon.
             The game lasted 00:05:22 (1267 turns).

patchburns1 the Grave Robber (Ghoul Necromancer)    Turns: 1267, Time: 00:05:23

Health: -2/22      AC:  3    Str: 11    XL:     2   Next: 70%
Magic:  3/4        EV: 12    Int: 10    God:
Gold:   37         SH:  0    Dex:  9    Spells: 3/5 levels left

rFire   . . .      SeeInvis .   (no weapon)
rCold   + . .      Faith    .   (no shield)
rNeg    + + +      Spirit   .   a - +0 robe
rPois   ∞          Reflect  .   (no helmet)
rElec   .          Harm     .   (no cloak)
rCorr   .          Rampage  .   (no gloves)
Will    .....                   i - +0 pair of boots
Stlth   ++........              (no amulet)
HPRegen 0.00/turn               (no ring)
MPRegen 0.09/turn               (no ring)

@: inhibited regen
A: claws 1, cold resistance 1, negative energy resistance 3, inhibited
regeneration, torment resistance 2
a: no special abilities


You were on level 2 of the Dungeon.
You visited 1 branch of the dungeon, and saw 2 of its levels.

You collected 37 gold pieces.

Inventory:

Missiles
 c - 66 stones
 e - 35 arrows
Armour
 a - a +0 robe (worn)
 i - a +0 pair of boots (worn)
Magical Staves
 d - a staff of fire
Wands
 h - a wand of mindburst (4)
Scrolls
 g - a scroll of immolation {unknown}
Potions
 b - a potion of lignification {unknown}
 f - a potion of degeneration {unknown}


   Skills:
 + Level 0.3 Fighting
 + Level 0.2 Armour
 + Level 1.9 Dodging
 + Level 2.5 Stealth
 + Level 0.3 Unarmed Combat
 * Level 2.0 Spellcasting
 * Level 4.1 Necromancy


You had 3 spell levels left.
You knew the following spells:

 Your Spells              Type           Power      Damage    Failure   Level
a - Pain                  Necr           36%        1d5       5%          1
b - Animate Skeleton      Necr           18%        N/A       5%          1

Your spell library contained the following spells:

 Spells                   Type           Power      Damage    Failure   Level
 Vampiric Draining        Necr           9%         2d6       17%         3
 Animate Dead             Necr           4%         N/A       50%         4
 Agony                    Necr           9%         N/A       83%         5


Dungeon Overview and Level Annotations

Branches:
Dungeon (2/15)

Altars:

Shops:
D:1 (


Innate Abilities, Weirdness & Mutations

You thrive by killing the living.
You are immune to poison.
You have sharp fingernails.
Your flesh is cold resistant. (rC+)
You are immune to negative energy. (rN+++)
You do not regenerate when monsters are visible.
You are immune to unholy pain and torment.


Message History

You see here a giant cockroach corpse.
A ball python comes into view.
You see here a giant cockroach corpse.
You open the door.
There is an open door here.
A goblin comes into view. It is wielding a +0 club.
The goblin shouts!
You hear an angry hiss. x2
An adder comes into view.
You closely miss the goblin. The goblin hits you with a +0 club.
The goblin misses you.
There is an open door here.
You completely miss the goblin. The goblin hits you with a +0 club.
You scratch the goblin but do no damage.
The goblin hits you with a +0 club.
Aiming: Pain (safe; 5% risk of failure)
Press: ? - help, Q - select action, (/) - cycle Shift-Dir - straight line, f - goblin
Aim: a goblin, wielding a +0 club (chance to affect: 76%)
The goblin writhes in agony.
You kill the goblin!
The adder closely misses you.
You closely miss the adder. The adder bites you.
Aiming: Pain (safe; 5% risk of failure)
Press: ? - help, Q - select action, (/) - cycle Shift-Dir - straight line, f - adder
Aim: an adder (chance to affect: 68%)
The adder struggles to resist.
The adder barely misses you. The adder bites you but does no damage.
You closely miss the adder. The adder bites you. x2
You scratch the adder.
The adder is lightly wounded.
The adder barely misses you.
You miss the adder.
The adder is lightly wounded.
The adder bites you.
* * * LOW HITPOINT WARNING * * *
The adder bites you.
* * * LOW HITPOINT WARNING * * *
You scratch the adder.
The adder is heavily wounded.
The adder bites you.
You die...

#..#..### ..##...# ..#.†.##
#.###..# #..#..### #.###..#
#.)'...#
####################.#######
................@S..........
############################


You could see an adder.

Vanquished Creatures
  A dart slug (D:2)
  2 ball pythons
  An endoplasm (D:1)
  A giant cockroach (D:2)
  3 goblins
  3 hobgoblins (D:1)
  A bat (D:2)
  A kobold (D:1)
  2 rats (D:1)
15 creatures vanquished.

Notes
Turn   | Place    | Note
-------+----------+-------------------------------------------
     0 | D:1      | patchburns1 the Ghoul Necromancer began the quest for the
                  | Orb.
     0 | D:1      | Reached XP level 1. HP: 14/14 MP: 2/2
   300 | D:1      | Found Suzuykih's Antique Weapon Shoppe.
   347 | D:1      | Found a faded altar of an unknown god.
   383 | D:1      | Reached XP level 2. HP: 20/20 MP: 0/3
   474 | D:1      | Learned a level 1 spell: Animate Skeleton
  1267 | D:2      | Slain by an adder

Illustrated notes

Levels and vault maps discovered:
D:1:      minmay_arrival_semitransparent, layout_basic,
          ebering_ecumenical_altar_box, serial_shops, shop,
          nicolae_figureground_pulse
D:2:      minmay_razor_zed, layout_basic

Skill      XL: |  1  2 |
---------------+-------+-----
Spellcasting   | 2 |  2.0
Fighting       | |  0.3
Armour         | |  0.2
Dodging        | |  1.9
Stealth        | |  2.5
Unarmed Combat | |  0.3
Necromancy     | |  4.1

Action                   || total
-------------------------++-------
Melee: Unarmed           ||    42
 Cast: Pain              ||    17
Armor: Robe              ||    12
Dodge: Dodged            ||    34

Table legend: (Time is in decaauts)
 A = Elapsed time spent in this place.
 B = Non-inter-level travel time spent in this place.
 C = Inter-level travel time spent in this place.
 D = Time resting spent in this place.
 E = Time spent auto-exploring this place.
 F = Levels seen in this place.
 G = Mean time per level.
                   A        B        C        D        E       F      G
               +--------+--------+--------+--------+--------+-----+--------+
         Total |   1266 |   1266 |      0 |     52 |    895 |   2 |  633.0 |
       Dungeon |   1266 |   1266 |      0 |     52 |    895 |   2 |  633.0 |
               +--------+--------+--------+--------+--------+-----+--------+

Top non-repeatable levels by time:
     D:1: 921 daAuts
     D:2: 345 daAuts
